 Dungeon Crawl Stone Soup version 0.20.0-15-g7f486f2 (webtiles) character file.

14144 vishdafish the Carver (level 11, -1/145 HPs)
             Began as a Minotaur Fighter on June 18, 2017.
             Slain by a wolf spider (7 damage)
             ... on level 1 of the Spider Nest.
             The game lasted 01:21:18 (11578 turns).

vishdafish the Carver (Minotaur Fighter)           Turns: 11578, Time: 01:21:18

Health: -1/145     AC: 23    Str: 26    XL:     11   Next: 84%
Magic:  10/10      EV: 18    Int:  7    God:
Gold:   365        SH: 13    Dex: 17    Spells: 8/10 levels left

rFire    + . .     SeeInvis .   V - +2 scimitar
rCold    . . .     Gourm    .   e - +0 shield
rNeg     . . .     Faith    .   t - +9 scale mail "Iluxtef" {Dex+4 Stlth+}
rPois    +         Spirit   .   (helmet restricted)
rElec    .         Reflect  .   v - +0 cloak
rCorr    .         Harm     .   C - +1 pair of gloves
MR       .....                  g - +0 pair of boots
Stlth    ..........             (no amulet)
Regen    0.4/turn               N - ring of stealth
MPRegen  0.2/turn               b - ring of poison resistance

@: berserking, very quick
A: retaliatory headbutt, horns 2, repulsion field 1, clever 1, fire resistance
1, MP-powered wands
a: no special abilities


You were on level 1 of the Spider Nest.
You were not hungry.

You visited 3 branches of the dungeon, and saw 15 of its levels.

You collected 635 gold pieces.
You spent 270 gold pieces at shops.

Inventory:

Hand Weapons
 n - a +4 short sword
 V - a +2 scimitar (weapon)
Missiles
 f - 48 poisoned needles (quivered)
Armour
 e - a +0 shield (worn)
 g - a +0 pair of boots (worn)
 t - the +9 scale mail "Iluxtef" (worn) {Dex+4 Stlth+}
   (You found it on level 6 of the Dungeon)

   It affects your dexterity (+4).
   It makes you more stealthy.
 v - a +0 cloak (worn)
 C - a +1 pair of gloves (worn)
Jewellery
 b - a ring of poison resistance (right hand)
 D - an uncursed ring of see invisible
 E - an uncursed ring of ice
 L - a +3 ring of intelligence
 N - a ring of stealth (left hand)
 P - an uncursed ring of magical power
Wands
 h - a wand of acid (6/15)
 m - a wand of flame (15/48)
 u - a wand of confusion (20/48)
 z - a wand of confusion (18/48)
 A - a wand of polymorph (6/24)
 B - a wand of scattershot (3/9)
 J - a wand of confusion (26/48)
 K - a wand of flame (17/48)
 W - a wand of random effects (18/48)
 Y - a wand of lightning (6/15)
Scrolls
 a - a scroll of fear {unknown}
 c - a scroll of remove curse
 p - 2 scrolls of magic mapping
 q - 2 scrolls of enchant weapon
 s - a scroll of enchant armour
 w - 2 scrolls of immolation
 x - 5 scrolls of amnesia
 y - a scroll of fog
 M - a scroll of torment {unknown}
 T - a scroll of recharging {unknown}
 X - a scroll of acquirement {unknown}
 Z - a scroll of vulnerability {unknown}
Potions
 d - a potion of might
 i - 4 potions of mutation
 j - 2 potions of haste
 k - 2 potions of lignification
 F - a potion of experience {unknown}
 G - a potion of magic {unknown}
 I - a potion of brilliance {unknown}
 R - 2 potions of agility
Comestibles
 r - 2 bread rations
 O - 2 meat rations


   Skills:
 + Level 9.5 Fighting
 + Level 12.4 Long Blades
 + Level 10.1 Armour
 * Level 9.0 Dodging
 + Level 2.3 Stealth
 + Level 10.7 Shields
 - Level 0.8 Evocations


You had 8 spell levels left.
You knew the following spells:

 Your Spells              Type           Power        Failure   Level  Hunger
a - Confusing Touch       Hex            #.....       85%         1    ##.....
b - Infusion              Chrm           #...         85%         1    ##.....


Dungeon Overview and Level Annotations

Branches:
Dungeon (10/15)            Temple (0/1) D:4            Lair (4/6) D:9
 Spider (1/4) Lair:4          Orc (0/2) D:10
  Swamp: Lair:2-4    Shoals: Lair:2-4

Altars:
Zin

Shops:
D:4 :   D:8 *

Annotations:
D:7 1 runed door


Innate Abilities, Weirdness & Mutations

You reflexively headbutt those who attack you in melee.
You have a pair of horns on your head.
You are surrounded by a mild repulsion field. (EV +2)
Your mind is acute. (Int +2)
Your flesh is heat resistant. (rF+)
You expend magic power (3 MP) to strengthen your wands.


Message History

You block the redback's attack. x2; The wolf spider barely misses you.
The wolf spider closely misses you.
You barely miss the redback.
The redback is severely wounded.
You block the redback's attack.
The redback bites you but does no damage.
You block the wolf spider's attack. x2
You are too berserk!
You slash the redback!
You kill the redback!
Your Dodging skill increases to level 9!
The jumping spider leaps!
You slice the redback!!
You kill the redback!
The wolf spider closely misses you.
You riposte.
You slash the wolf spider!
The wolf spider is heavily wounded.
The wolf spider bites you but does no damage.
You closely miss the redback. The wolf spider barely misses you.
The wolf spider bites you!
You die...

..#.....?..........
....#...#..#.#......
...............#...
#................
#....##..!..#
##../.....###
#..........>#
#.....#...ss#
#.....###...s@#
#...#.#.^...####
#...^.(...###
.....#..#.
..).###... #... ##.


You could see a wolf spider, a tarantella and a redback.

Vanquished Creatures
  A catoblepas (Lair:3)
  The ghost of Quirk the Carver, a novice DsFi of Okawaru (D:7)
  A wolf spider (Spider:1)
  A black mamba (Lair:4)
  Psyche (D:8)
  2 spiny frogs
  A gargoyle (D:9)
  The ghost of Wanze the Slicer, a novice HaSk (D:4)
  2 trolls
  A hornet (D:8)
  A polar bear (Lair:4)
  3 hippogriffs
  6 redbacks
  10 yaks
  Grum (D:9)
  3 wargs (D:9)
  3 porcupines
  5 water moccasins
  4 orc warriors
  2 sky beasts (D:7)
  4 ice beasts
  3 ogres
  11 wolves
  A necrophage (D:5)
  4 centaurs
  3 crocodiles
  10 bullfrogs
  9 killer bees
  A water moccasin skeleton (D:7)
  3 scorpions
  5 wights (D:8)
  An electric eel (Lair:4)
  A howler monkey (D:5)
  3 crimson imps
  A bullfrog zombie (D:5)
  4 hounds
  A centaur skeleton (D:8)
  A gnoll shaman (D:3)
  8 orc priests
  3 jellies
  16 orc wizards
  An iguana (D:8)
  Jessica (D:2)
  12 worker ants
  A hound skeleton (D:6)
  A worker ant zombie (D:7)
  9 gnolls
  8 adders
  3 shadow imps
  5 adder zombies
  A worm (D:6)
  3 dart slugs
  5 leopard geckos
  29 orcs
  4 bats
  5 giant cockroaches
  6 goblins
  5 hobgoblins
  13 jackals
  3 quokkas
  2 ball pythons
  4 frilled lizards
  A jackal skeleton (D:9)
  2 jackal zombies
  2 kobolds
  2 quokka skeletons
  2 rats (D:1)
273 creatures vanquished.

Vanquished Creatures (others)
  A fungus (Lair:3)
1 creature vanquished.

Grand Total: 274 creatures vanquished

Notes
Turn   | Place    | Note
-------+----------+-------------------------------------------
     0 | D:1      | vishdafish the Minotaur Fighter began the quest for the Orb.
     0 | D:1      | Reached XP level 1. HP: 19/19 MP: 0/0
    97 | D:1      | Reached XP level 2. HP: 27/27 MP: 1/1
   569 | D:2      | Reached XP level 3. HP: 30/33 MP: 2/2
   716 | D:2      | Noticed Jessica
   738 | D:2      | Killed Jessica
   738 | D:2      | Reached skill level 3 in Long Blades
   738 | D:2      | Reached XP level 4. HP: 33/40 MP: 3/3
  1370 | D:3      | Reached skill level 1 in Dodging
  1745 | D:3      | Reached XP level 5. HP: 18/46 MP: 4/4
  2105 | D:3      | Reached skill level 4 in Long Blades
  2518 | D:4      | Reached skill level 5 in Armour
  2518 | D:4      | Reached XP level 6. HP: 51/53 MP: 5/5
  2550 | D:4      | Found Duwiwiho's Book Boutique.
  2606 | D:4      | Found a staircase to the Ecumenical Temple.
  2617 | D:4      | Reached skill level 5 in Shields
  2728 | D:4      | Noticed Wanze's ghost (novice HaSk)
  2741 | D:4      | Reached skill level 5 in Long Blades
  2760 | D:4      | Killed Wanze's ghost
  2760 | D:4      | Reached skill level 5 in Fighting
  2760 | D:4      | Reached XP level 7. HP: 40/61 MP: 6/6
  2955 | D:5      | Entered Level 5 of the Dungeon
  3089 | D:5      | Reached skill level 6 in Long Blades
  3171 | D:5      | Gained mutation: Your flesh is heat resistant. (rF+) [potion of mutation]
  3171 | D:5      | Gained mutation: You are surrounded by a mild repulsion field. (EV +2) [potion of mutation]
  3171 | D:5      | Gained mutation: You expend magic power (3 MP) to strengthen your wands. [potion of mutation]
  3171 | D:5      | Gained mutation: Your mind is acute. (Int +2) [potion of mutation]
  3196 | D:5      | Reached XP level 8. HP: 66/70 MP: 7/7
  3623 | D:6      | Reached skill level 7 in Long Blades
  4067 | D:6      | Got a smoking scale mail
  4293 | D:6      | Reached skill level 8 in Long Blades
  4472 | D:7      | Noticed a hippogriff
  4483 | D:7      | Killed a hippogriff
  4483 | D:7      | Reached skill level 5 in Dodging
  4483 | D:7      | Reached XP level 9. HP: 73/78 MP: 8/8
  4484 | D:7      | Noticed Quirk's ghost (novice DsFi)
  4500 | D:7      | Killed Quirk's ghost
  5019 | D:7      | Reached skill level 9 in Long Blades
  5022 | D:7      | Found a glowing silver altar of Zin.
  5023 | D:7      | Found a runed door.
  5023 | D:7      | Noticed an angel
  5792 | D:8      | Reached XP level 10. HP: 76/86 MP: 9/9
  5959 | D:8      | Identified the +9 scale mail "Iluxtef" {Dex+4 Stlth+} (You found it on level 6 of the Dungeon)
  6008 | D:8      | Found Zekle's Assorted Antiques.
  6012 | D:8      | Bought a scroll labeled IRHOQU VESHIOSESAU for 27 gold pieces
  6012 | D:8      | Bought a scroll labeled UWEQOV CIMEPOS for 27 gold pieces
  6012 | D:8      | Bought a glass wand for 108 gold pieces
  6012 | D:8      | Bought a scroll labeled RAGIUH PIDEMAX for 27 gold pieces
  6012 | D:8      | Bought 3 scrolls labeled IRHOQU VESHIOSESAU for 81 gold pieces
  6153 | D:8      | Reached skill level 10 in Long Blades
  6562 | D:8      | Noticed Psyche
  6576 | D:8      | Killed Psyche
  7030 | D:9      | Found a staircase to the Lair.
  7076 | D:9      | Noticed Grum
  7088 | D:9      | Killed Grum
  7592 | Lair:1   | Entered Level 1 of the Lair of Beasts
  7619 | Lair:1   | Reached skill level 11 in Long Blades
  7628 | Lair:1   | Reached skill level 1 in Stealth
  7757 | Lair:1   | Learned a level 1 spell: Confusing Touch
  7829 | Lair:1   | Noticed a five-headed hydra
  8352 | D:10     | Entered Level 10 of the Dungeon
  8542 | D:10     | Found a staircase to the Orcish Mines.
  8578 | D:10     | Learned a level 1 spell: Infusion
  8729 | D:10     | Reached XP level 11. HP: 91/95 MP: 10/10
 10343 | Lair:3   | Noticed a catoblepas
 10377 | Lair:3   | Killed a catoblepas
 10377 | Lair:3   | Reached skill level 10 in Shields
 10669 | Lair:3   | Reached skill level 12 in Long Blades
 11256 | Lair:4   | Reached skill level 10 in Armour
 11328 | Lair:4   | Found a hole to the Spider Nest.
 11525 | Spider:1 | Entered Level 1 of the Spider Nest
 11536 | Spider:1 | Noticed a wolf spider
 11537 | Spider:1 | Noticed a wolf spider
 11563 | Spider:1 | Killed a wolf spider
 11573 | Spider:1 | HP: 5/145 [redback (4)]
 11578 | Spider:1 | Slain by a wolf spider

Skill      XL: |  1  2  3  4  5  6  7  8  9 10 11 |
---------------+----------------------------------+-----
Shields        | 4 5 6 7 8 9 10 | 10.7
Armour         | 4 5 6 8 9 10 | 10.1
Fighting       | 4 5 6 7 8 9 |  9.5
Long Blades    | 3 4 5 6 8 9 11 12 | 12.4
Dodging        | 1 2 3 5 6 7 9 |  9.0
Stealth        | 1 2 |  2.3
Evocations     | |  0.8

Action                   |  1- 3 |  4- 6 |  7- 9 | 10-12 || total
-------------------------+-------+-------+-------+-------++-------
Melee: Long sword        |    46 |   125 |   293 |    31 ||   495
       Headbutt          |     9 |    26 |    84 |   107 ||   226
       Scimitar          |       |       |       |   399 ||   399
Throw: Throwing net      |       |       |     1 |       ||     1
Evoke: Wand              |       |     5 |     2 |    16 ||    23
  Use: Scroll            |       |     4 |     4 |    22 ||    30
       Potion            |       |     3 |     1 |     6 ||    10
 Stab: Sleeping          |       |       |       |     5 ||     5
  Eat: Bread ration      |       |     1 |     2 |       ||     3
       Chunk             |       |     1 |       |       ||     1
       Fruit             |       |       |     2 |     2 ||     4
       Meat ration       |       |       |       |     2 ||     2
       Royal jelly       |       |       |       |     4 ||     4
Armor: Scale mail        |    21 |    57 |       |   157 ||   235
       Skin              |       |     4 |       |       ||     4
       Chain mail        |       |       |   137 |     9 ||   146
Dodge: Dodged            |    19 |    48 |   115 |   324 ||   506
Block: Shield            |    30 |    90 |   170 |   348 ||   638
       Rpst.: Long sword |     3 |    12 |    33 |     2 ||    50
       Scimitar          |       |       |       |    81 ||    81
